[Event "Team 45 45 League T29"]
[Site "Free Internet Chess Server"]
[Date "2005.12.24"]
[Round "2"]
[White "GadsHill"]
[Black "RFFISCHER"]
[Result "1-0"]
[WhiteElo "1705"]
[BlackElo "1624"]
[TimeControl "2700+45"]

1. d4 Nf6 2. c4 e5 3. dxe5 Ng4 4. Nf3 Bb4+ 5. Bd2 Bc5 6. e3 Qe7 7. Nc3 c6 8. Be2 Nxe5 9. Nxe5 Qxe5 10. O-O O-O 11. Rc1 a6 12. a3 d6 13. b4 Ba7 14. Qc2 f5 15. Bf3 Be6 16. Na4 d5 17. c5 Nd7 18. Bc3 Qc7 19. Qd2 Bb8 20. g3 Ne5 21. Bxe5 Qxe5 22. Nc3 Rf6 23. Ne2 Rh6 24. Nd4 Bd7 25. Bg2 Bc7 26. Qe2 Re8 27. a4 f4 28. Nf3 Qh5 29. e4 Rxe4 30. Qd3 Bg4 31. Nh4 g5 32. Bxe4 gxh4 33. gxf4 Be2 34. Qh3 Bxf1 35. Qc8+ Kg7 36. Qxc7+ Qf7 37. Qxf7+ Kxf7 38. Bxd5+ cxd5 39. Kxf1 Rf6 40. b5 Rxf4 41. c6 Ke6 42. cxb7 Rf8 43. Rc8   {Black resigns} 1-0

[Event "Team 45 45 League T29"]
[Site "Free Internet Chess Server"]
[Date "2005.12.22"]
[Round "2"]
[White "xplan"]
[Black "fernbap"]
[Result "0-1"]
[WhiteElo "1530"]
[BlackElo "1737"]
[TimeControl "2700+45"]

1. e4 c5 2. Nf3 Nc6 3. d4 cxd4 4. Nxd4 Nf6 5. Nc3 d6 6. Nxc6 bxc6 7. Bc4 e6 8. Bg5 Be7 9. O-O Nxe4 10. Bxe7 Qxe7 11. Nxe4 d5 12. Ng3 dxc4 13. Nf5 exf5 14. Qf3 O-O 15. Rfe1 Qc5 16. Re3 Rb8 17. b3 cxb3 18. Rc3 b2 19. Rb1 Qa5 20. Ra3 Qd2 21. h3 Qc1+ 22. Qd1 Qxd1+ 23. Rxd1 b1=Q 24. Rxb1 Rxb1+   {White resigns} 0-1

[Event "Team 45 45 League T29"]
[Site "Free Internet Chess Server"]
[Date "2005.12.24"]
[Round "2"]
[White "TGV"]
[Black "threeNT"]
[Result "1-0"]
[WhiteElo "1773"]
[BlackElo "1718"]
[TimeControl "2700+45"]

1. d4 d5 2. c4 c6 3. Nc3 e6 4. Nf3 dxc4 5. a4 Bb4 6. e4 b5 7. axb5 cxb5 8. Be2 Nf6 9. Bg5 h6 10. Bxf6 Qxf6 11. O-O a6 12. Bxc4 bxc4 13. Qa4+ Bd7 14. Qxb4 Nc6 15. Qc5 Qe7 16. Qxc4 Qb4 17. b3 Qxc4 18. bxc4 Ke7 19. d5 Nb4 20. Na4 Rhb8 21. Nc5 a5 22. Nxd7 Kxd7 23. Nd4 a4 24. Rfb1 a3 25. Nb5 Ra4 26. Rxa3 Rxa3 27. Nxa3 exd5 28. cxd5 Ra8 29. Rxb4 Rxa3 30. f3 Kd6 31. Kf2 Ra2+ 32. Kg3 Ke5 33. Rb7 Kf6 34. Kh3 h5 35. f4 Re2 36. e5+ Kg6 37. d6 h4 38. d7 Rd2 39. Rb6+ Kf5 40. Rd6   {Black resigns} 1-0

[Event "Team 45 45 League T29"]
[Site "Free Internet Chess Server"]
[Date "2005.12.27"]
[Round "2"]
[White "fismoluni"]
[Black "MGoo"]
[Result "0-1"]
[WhiteElo "1692"]
[BlackElo "1799"]
[TimeControl "2700+45"]

1. e4 e6 2. d4 c5 3. Nf3 cxd4 4. Nxd4 Bc5 5. Nc3 Nc6 6. Nb3 Be7 7. Be3 Nf6 8. f3 O-O 9. Qd2 a6 10. Qf2 b5 11. Qg3 Nxe4 12. Qg4 Nxc3 13. Bh6 Bf6 14. bxc3 Bxc3+ 15. Kf2 Qf6 16. Rd1 Qxh6 17. Nc5 d5 18. Nd3 Bd4+ 19. Ke1 Qe3+ 20. Be2 Qf2+ 21. Kd2 Qe3+ 22. Ke1 Bc3+ 23. Kf1 Nd4 24. Nf4 e5 25. Qh4 exf4 26. Bd3 Bf5 27. Qf2 Qxf2+ 28. Kxf2 Rad8 29. g4 Be6 30. h4 Rfe8 31. h5 g6 32. hxg6 hxg6 33. Rh6 Kg7 34. Rdh1 Rh8 35. g5 Nf5 36. Bxf5 Bxf5 37. Rxh8 Rxh8 38. Rxh8   {White resigns} 0-1

[Event "Team 45 45 League T29"]
[Site "Free Internet Chess Server"]
[Date "2005.12.22"]
[Round "2"]
[White "Galleta"]
[Black "DreadPirateJosh"]
[Result "0-1"]
[WhiteElo "1616"]
[BlackElo "1678"]
[TimeControl "2700+45"]

1. b3 e5 2. e3 d5 3. d4 e4 4. f3 Nf6 5. c4 c6 6. Nd2 Bb4 7. a3 Bxd2+ 8. Bxd2 O-O 9. Qc2 Re8 10. Ne2 Na6 11. Nc3 Bf5 12. h3 Bg6 13. Qd1 Nh5 14. h4 Ng3 15. Rh3 Nxf1 16. Kxf1 exf3 17. Qxf3 dxc4 18. bxc4 Bd3+ 19. Kf2 Bxc4 20. h5 Nc5 21. Rah1 h6 22. Rg3 b5 23. Qg4 Qf6+ 24. Rf3 Nd3+ 25. Kg1 Qg5 26. Qd7 Bd5 27. Nxd5 Qxd5 28. Qxd5 cxd5 29. Kf1 Nb2 30. Kf2 Nc4 31. Bb4 a5 32. Bc5 Rab8 33. Rf5 Nxe3 34. Rf4 b4 35. Rh3 b3 36. Rh1 a4 37. Bb4 Nc2 38. Bd2 Nxa3   {White resigns} 0-1